 Dungeon Crawl Stone Soup version 0.32-a0-22-g6ae6769602 (webtiles) character file.

Game seed: 5615006070201722594

228 voltaire321 the Magician (level 5, 0/29 HPs)
             Began as a Deep Elf Earth Elementalist on Jan 18, 2024.
             Slain by a ribbon worm (7 damage)
             ... on level 3 of the Dungeon.
             The game lasted 00:07:26 (2672 turns).

voltaire321 the Magician (DEEE)                     Turns: 2672, Time: 00:07:26

Health: 0/29       AC:  7    Str:  9    XL:     5   Next: 71%
Magic:  11/22      EV:  6    Int: 20    God:
Gold:   55         SH:  0    Dex: 15    Spells: 5/12 levels left

rFire   . . .        p - +5 spear of the Pharaoh's Fist {flame, MP+9 Str+2}
rCold   + . .        (no shield)
rNeg    + . .        f - +0 leather armour {rC+}
rPois   .            j - +2 helmet
rElec   .            i - +0 cloak
rCorr   .            (no gloves)
SInv    .            (no boots)
Will    .....        (no amulet)
Stlth   ++           e - ring of positive energy
HPRegen 0.24/turn    (no ring)
MPRegen 0.18/turn

%: no passive effects
@: held
A: no striking features
a: no special abilities


You were on level 3 of the Dungeon.
You visited 1 branch of the dungeon, and saw 3 of its levels.

You collected 83 gold pieces.
You spent 28 gold pieces at shops.

Inventory:

Hand Weapons
 h - a +1 dagger of venom
 p - the +5 spear of the Pharaoh's Fist (weapon) {flame, MP+9 Str+2}
   (You found it on level 3 of the Dungeon)

   Str+2:     It affects your strength (+2).
   MP+9:      It affects your magic capacity (+9).
Armour
 d - a scarf of repulsion
 f - a +0 leather armour of cold resistance (worn)
 i - a +0 cloak (worn)
 j - a +2 helmet (worn)
Jewellery
 e - a ring of positive energy (left hand)
Wands
 o - a wand of iceblast (9)
Scrolls
 a - a scroll of fog {unknown}
 c - a scroll of identify
 k - a scroll of teleportation {unknown}
 l - a scroll of fear {unknown}
 n - a scroll of silence {unknown}
 q - a scroll of butterflies {unknown}
Potions
 b - a potion of magic
 g - a potion of heal wounds
 m - a potion of haste


   Skills:
 + Level 1.6 Fighting
 + Level 1.6 Armour
 + Level 3.7 Dodging
 - Level 2.4 Stealth
 + Level 4.2 Spellcasting
 + Level 2.6 Conjurations
 + Level 4.1 Earth Magic


You had 5 spell levels left.
You knew the following spells:

 Your Spells              Type           Power      Damage    Failure   Level
a - Sandblast             Erth           40%        2d10      3%          1
b - Passwall              Erth           20%        N/A       10%         3
c - Stone Arrow           Conj/Erth      34%        3d9       13%         3

Your spell library contained the following spells:

 Spells                   Type           Power      Damage    Failure   Level
 Sting                    Conj/Alch      36%        1d5       10%         1
 Mercury Vapours          Alch/Air       8%         N/A       26%         2
 Brom's Barrelling Bould  Conj/Erth      17%        2d4       38%         4
 Petrify                  Alch/Erth      12%        N/A       58%         4
 Olgreb's Toxic Radiance  Alch           4%         N/A       86%         4


Dungeon Overview and Level Annotations

Branches:
Dungeon (3/15)

Altars:

Shops:
D:2 (?


Message History

Aiming: Sandblast (safe; 3% risk of failure)
Press: ? - help, Q - select action, (/) - cycle Shift-Dir - straight line, f/p - Grinder
Aim: Grinder (lightly wounded, 81% to hit)
The blast of sand hits Grinder.
Grinder is moderately wounded.
Grinder gestures at you.
You struggle to resist.
The ribbon worm bites you.
Aiming: Sandblast (safe; 3% risk of failure)
Press: ? - help, Q - select action, (/) - cycle Shift-Dir - straight line, f/p - Grinder
Aim: Grinder (moderately wounded, 81% to hit)
The blast of sand hits Grinder!
Grinder is heavily wounded.
Grinder hits you. The ribbon worm bites you. Grinder hits you.
Aiming: Sandblast (safe; 3% risk of failure)
Press: ? - help, Q - select action, (/) - cycle Shift-Dir - straight line, f/p - Grinder
Aim: Grinder (heavily wounded, 81% to hit)
The blast of sand hits Grinder.
Grinder is severely wounded.
Grinder hits you. The ribbon worm bites you.
* * * LOW HITPOINT WARNING * * *
Casting: Sandblast (safe; 3% risk of failure)
Confirm with . or Enter, or press ? or * to list all spells.
Aiming: Stone Arrow (quite dangerous; 13% risk of failure)
Press: ? - help, Shift-Dir - straight line, f/p - Grinder
Aim: Grinder (severely wounded, 64% to hit)
The stone arrow hits Grinder!
Grinder is almost dead.
Grinder hits you but does no damage.
The ribbon worm expels a string of sticky webbing.
The stream of webbing hits you but does no damage.
You are caught in a web!
Casting: Stone Arrow (quite dangerous; 13% risk of failure)
Confirm with . or Enter, or press ? or * to list all spells.
Aiming: Stone Arrow (quite dangerous; 13% risk of failure)
Press: ? - help, Shift-Dir - straight line, f/p - Grinder
Aim: Grinder (almost dead, 64% to hit)
The stone arrow hits Grinder!
You kill Grinder!
The ribbon worm bites you!
You die...

#...............
#...###.#######. #...#
#.# #...# #.#
#...###.####
#..........#
#..........#
#..........#
#...@w.....#
#..........#
#...###.#### #
#..)........... #.
#...[..........
#.######...###........
......................
#...........#.......
#...........########


You could see a ribbon worm (catching breath).

Vanquished Creatures
  Grinder (D:3)
  Ijyb (D:2)
  Natasha (thrice) (D:2)
  Terence (D:2)
  Robin (D:2)
  2 adders (D:2)
  4 dart slugs
  2 ribbon worms (D:2)
  6 ball pythons
  4 endoplasms
  2 giant cockroaches
  15 goblins
  3 hobgoblins (D:2)
  A quokka (D:1)
  7 bats
  2 frilled lizards (D:1)
  7 kobolds (D:1)
  6 rats
68 creatures vanquished.

Notes
Turn   | Place    | Note
-------+----------+-------------------------------------------
     0 | D:1      | voltaire321 the Deep Elf Earth Elementalist began the quest
                  | for the Orb.
     0 | D:1      | Reached XP level 1. HP: 10/10 MP: 6/6
   130 | D:1      | Reached XP level 2. HP: 15/15 MP: 5/8
   402 | D:1      | Reached XP level 3. HP: 20/20 MP: 5/9
   808 | D:2      | Noticed Robin
   864 | D:2      | Killed Robin
   881 | D:2      | Noticed Terence
  1024 | D:2      | Found a faded altar of an unknown god.
  1048 | D:2      | Killed Terence
  1049 | D:2      | Reached skill level 1 in Fighting
  1049 | D:2      | Reached skill level 1 in Armour
  1049 | D:2      | Reached XP level 4. HP: 5/25 MP: 6/11
  1464 | D:2      | Noticed Natasha
  1466 | D:2      | Killed Natasha
  1570 | D:2      | Reached XP level 5. HP: 26/29 MP: 10/12
  1673 | D:2      | Noticed Natasha
  1677 | D:2      | Killed Natasha
  1917 | D:2      | Noticed Natasha
  1922 | D:2      | Killed Natasha
  2010 | D:2      | Found Qeq Alao's Magic Scroll Emporium.
  2016 | D:2      | Bought a scroll of identify for 28 gold pieces
  2109 | D:2      | Found Nays's Antique Weapon Shoppe.
  2173 | D:2      | Learned a level 3 spell: Passwall
  2177 | D:2      | Learned a level 3 spell: Stone Arrow
  2178 | D:3      | Noticed Ijyb
  2199 | D:2      | Killed Ijyb
  2485 | D:3      | Identified the +5 spear of the Pharaoh's Fist {flame, MP+9
                  | Str+2}
  2499 | D:3      | Noticed Grinder
  2672 | D:3      | Killed Grinder
  2672 | D:3      | Slain by a ribbon worm

Illustrated notes

Levels and vault maps discovered:
D:1:      heliophobic_arrival_battle_scene, layout_basic
D:2:      minmay_angry_zag, layout_basic, serial_shops, shop, shop,
          serial_rivers, chequers_serial_rivers_small_b,
          chequers_serial_rivers_micro_a, chequers_serial_rivers_micro_c,
          chequers_serial_rivers_small_a, chequers_serial_rivers_marsh,
          hellmonk_ecumenical_altar_leap_of_faith, uniq_robin, uniq_terence,
          uniq_natasha
D:3:      layout_basic, uniq_grinder, uniq_ijyb, uniq_crazy_yiuf_cottage

Skill      XL: |  1  2  3  4  5 |
---------------+----------------+-----
Dodging        | 3 |  3.7
Conjurations   | 2 |  2.6
Fighting       | 1 |  1.6
Armour         | 1 |  1.6
Spellcasting   | 4 |  4.2
Earth Magic    | 4 |  4.1
Stealth        | |  2.4

Action                     |  1- 3 |  4- 6 || total
---------------------------+-------+-------++-------
  Melee: Dagger            |     1 |     8 ||     9
   Cast: Sandblast         |    53 |    55 ||   108
         Stone Arrow       |       |     2 ||     2
    Use: Scroll            |       |     2 ||     2
   Stab: Sleeping          |       |     1 ||     1
 Armour: Robe              |     5 |       ||     5
         Leather armour    |     5 |    48 ||    53
  Dodge: Dodged            |    10 |    19 ||    29
         Repelled          |       |     1 ||     1

Table legend: (Time is in decaauts)
 A = Elapsed time spent in this place.
 B = Non-inter-level travel time spent in this place.
 C = Inter-level travel time spent in this place.
 D = Time resting spent in this place.
 E = Time spent auto-exploring this place.
 F = Levels seen in this place.
 G = Mean time per level.
                   A        B        C        D        E       F      G
               +--------+--------+--------+--------+--------+-----+--------+
         Total |   2727 |   2658 |     69 |    715 |   1415 |   3 |  909.0 |
       Dungeon |   2727 |   2658 |     69 |    715 |   1415 |   3 |  909.0 |
               +--------+--------+--------+--------+--------+-----+--------+

Top non-repeatable levels by time:
     D:2: 1768 daAuts
     D:1: 786 daAuts
     D:3: 172 daAuts
